 Dungeon Crawl Stone Soup version 0.30-a0-52-g86a8295270 (webtiles) character file.

Game seed: 14417507426933090811

75 Newt the Cudgeller (level 4, -3/38 HPs)
             Began as a Draconian Monk on Sept 6, 2022.
             Slain by Edmund
             ... wielding a +2 dire flail of protection
              (7 damage)
             ... on level 4 of the Dungeon.
             The game lasted 00:03:08 (1804 turns).

Newt the Cudgeller (Draconian Monk)                 Turns: 1804, Time: 00:03:09

Health: -3/38      AC:  5    Str: 16    XL:     4   Next: 11%
Magic:  4/4        EV: 12    Int: 10    God:
Gold:   48         SH:  0    Dex: 13    Spells: 3/3 levels left

rFire   . . .      SeeInvis .    a - +0 mace
rCold   . . .      Faith    +    (no shield)
rNeg    . . .      Spirit   .    (body armour unavailable)
rPois   .          Reflect  .    (helmet restricted)
rElec   .          Harm     .    (no cloak)
rCorr   .          Rampage  .    (no gloves)
Will    .....                    (no boots)
Stlth   ++........               j - amulet of faith
HPRegen 0.12/turn                (no ring)
MPRegen 0.09/turn                (no ring)

@: hasted, very quick
A: AC +5, unfitting armour, cold-blooded, horns 1, subdued magic 1
a: no special abilities


You were on level 4 of the Dungeon.
You visited 1 branch of the dungeon, and saw 5 of its levels.

You collected 78 gold pieces.
You spent 30 gold pieces at shops.

Inventory:

Hand Weapons
 a - a +0 mace (weapon)
Missiles
 f - 10 boomerangs (quivered)
Jewellery
 j - an amulet of faith (around neck)
Scrolls
 e - a scroll of immolation {unknown}
 h - a scroll of vulnerability {unknown}
 i - a scroll of teleportation {unknown}
 k - a scroll of enchant armour {unknown}
 m - a scroll of amnesia {unknown}


   Skills:
 - Level 3.2 Fighting
 + Level 4.9 Maces & Flails
 - Level 2.6 Dodging
 - Level 2.0 Stealth


You had 3 spell levels left.
You didn't know any spells.
Your spell library contained the following spells:

 Spells                   Type           Power      Damage    Failure   Level
 Sublimation of Blood     Necr           0%         N/A       45%         2
 Wereblood                Tmut           0%         N/A       45%         2
 Summon Hydra             Summ           0%         N/A       100%        7


Dungeon Overview and Level Annotations

Branches:
Dungeon (5/15)
 Temple: D:4-7

Altars:

Shops:
D:1 !   D:2 =

Annotations:
D:4 Edmund


Innate Abilities, Weirdness & Mutations

Your plain brown scales are hard. (AC +5)
You cannot fit into any form of body armour.
You are cold-blooded and may be slowed by cold attacks.
You have a pair of small horns on your head.
Your spells are a little easier to cast, but a little less powerful.


Message History

Throw: dart (poison)
Press: ? - help, Shift-Dir - straight line, f/p - Edmund
Aim: Edmund, wielding a +2 dire flail of protection and wearing a +0 ring mail (lightly wounded, poisoned, 61% to hit)
You throw a poisoned dart. The poisoned dart hits Edmund.
Edmund looks even sicker.
Edmund is lightly wounded.
You don't have any such object.
Fire/throw/use which item? ([*] to toss any item) (? for menu, Esc to quit)
Okay, then.
You open the door. 2 kobolds come into view.
Found a rapier.
Throw: 10 boomerangs
Press: ? - help, Q - select action Shift-Dir - straight line, f/p - Edmund
Aim: Edmund, wielding a +2 dire flail of protection and wearing a +0 ring mail (moderately wounded, poisoned, 61% to hit)
You throw a boomerang. The boomerang hits Edmund.
Edmund is moderately wounded.
Throw: 10 boomerangs
Press: ? - help, Q - select action Shift-Dir - straight line, f/p - Edmund
Aim: Edmund, wielding a +2 dire flail of protection and wearing a +0 ring mail (moderately wounded, poisoned, 61% to hit)
You throw a boomerang.
The boomerang hits Edmund but does no damage.
Edmund is moderately wounded.
As you read the scroll labelled BINA XYLETT, it crumbles to dust.
You assume a fearsome visage.
The kobold looks frightened!
The kobold shouts!
The kobold looks frightened!
The kobold shouts!
Edmund looks frightened!
It was a scroll of fear.
You hit Edmund but do no damage.
Your attack snaps Edmund out of his fear.
Edmund is heavily wounded.
Edmund closely misses you.
You hit Edmund but do no damage.
Edmund is heavily wounded.
Edmund looks more healthy.
Edmund barely misses you.
You sock Edmund!
Edmund is severely wounded.
Edmund hits you with a +2 dire flail of protection!
You die...

#......
#.....##+
.......
..... ...
#'# # #
#.#.#
#.##.#.###.#
#...@......#
####@#.#####
#....#...
#....#######
#...........
#..#(#######
#..#(#
#..#.#
#..#.#


You could see Edmund.

Vanquished Creatures
  Jessica (D:2)
  2 worms (D:2)
  A dart slug (D:1)
  4 endoplasms (D:2)
  3 giant cockroaches
  3 hobgoblins
  8 jackals (D:1)
  3 kobolds
  A quokka (D:3)
  3 ball pythons
  A bat (D:3)
  A frilled lizard (D:2)
  5 goblins
  3 rats
39 creatures vanquished.

Notes
Turn   | Place    | Note
-------+----------+-------------------------------------------
     0 | D:1      | Newt the Draconian Monk began the quest for the Orb.
     0 | D:1      | Reached XP level 1. HP: 19/19 MP: 1/1
    23 | D:1      | Found a faded altar of an unknown god.
   193 | D:1      | Reached XP level 2. HP: 26/26 MP: 2/2
   519 | D:1      | Found Sotev's Distillery.
   528 | D:1      | Bought a potion of curing for 30 gold pieces
   732 | D:2      | Reached skill level 4 in Maces & Flails
   843 | D:2      | Reached XP level 3. HP: 29/31 MP: 3/3
   888 | D:2      | Found Cint's Jewellery Emporium.
  1524 | D:2      | Noticed Jessica
  1531 | D:2      | Killed Jessica
  1532 | D:2      | Reached XP level 4. HP: 34/38 MP: 4/4
  1686 | D:3      | Gained mutation: Your large and strong wings let you fly.
                  | [potion of mutation]
  1687 | D:3      | Lost mutation: Your large and strong wings let you fly.
                  | [potion of mutation]
  1687 | D:3      | Gained mutation: You have a pair of small horns on your
                  | head. [potion of mutation]
  1687 | D:3      | Gained mutation: Your spells are a little easier to cast,
                  | but a little less powerful. [potion of mutation]
  1755 | D:3      | You fall into a shaft and drop 2 floors!
  1755 | D:5      | Entered Level 5 of the Dungeon
  1765 | D:5      | Noticed Edmund
  1804 | D:4      | Slain by Edmund

Illustrated notes

Levels and vault maps discovered:
D:1:      lemuel_arrival_broad_hall, layout_basic, ebering_ecumenical_altar_box,
          serial_shops, shop, st_stairs_12
D:2:      layout_basic, serial_shops, shop, dk_noncrumbling_2, minmay_domino_2,
          uniq_jessica
D:3:      minmay_wonky_spiral, layout_basic, fedhas_altar_3, chequers_big_river,
          nrook_loot_triangle, bh_walls_and_bars
D:4:      kb_forest_paths, layout_basic, evilmike_ruin_ashenzari,
          nicolae_inconvenience_store
D:5:      layout_loops_ring, minmay_temple_entry_poolview,
          lightli_sewer_entry_pipes, uniq_duvessa, uniq_edmund

Skill      XL: |  1  2 |
---------------+-------+-----
Stealth        | 2 |  2.0
Maces & Flails | 4 |  4.9
Fighting       | |  3.2
Dodging        | |  2.6

Action                   |  1- 3 |  4- 6 || total
-------------------------+-------+-------++-------
Melee: Mace              |    89 |    17 ||   106
       Tailslap          |    12 |     2 ||    14
       Punch             |     1 |       ||     1
       Headbutt          |       |     4 ||     4
Throw: Dart              |     3 |     5 ||     8
       Boomerang         |       |     2 ||     2
  Use: Potion            |     2 |     5 ||     7
       Scroll            |       |     4 ||     4
 Stab: Distracted        |     1 |       ||     1
       Sleeping          |     2 |       ||     2
Armor: Skin              |    36 |     3 ||    39
Dodge: Dodged            |    77 |    12 ||    89

Table legend: (Time is in decaauts)
 A = Elapsed time spent in this place.
 B = Non-inter-level travel time spent in this place.
 C = Inter-level travel time spent in this place.
 D = Time resting spent in this place.
 E = Time spent auto-exploring this place.
 F = Levels seen in this place.
 G = Mean time per level.
                   A        B        C        D        E       F      G
               +--------+--------+--------+--------+--------+-----+--------+
         Total |   1817 |   1764 |     53 |    193 |   1221 |   5 |  363.4 |
       Dungeon |   1817 |   1764 |     53 |    193 |   1221 |   5 |  363.4 |
               +--------+--------+--------+--------+--------+-----+--------+

Top non-repeatable levels by time:
     D:2: 934 daAuts
     D:1: 731 daAuts
     D:3: 111 daAuts
     D:4: 23 daAuts
     D:5: 16 daAuts
